MID
LEXINGTON LEGENDS @ GREENVILLE DRIVE
04/09/2048
 
TOP OF THE 1ST
Lexington Legends batting - Pitching for Greenville Drive : RHP Teruhiko Ushijima
Pitching: RHP Teruhiko Ushijima
Batting: RHB Chad Sullivan 0-0: Ground out 5-3 (Groundball, 56S, EV 73.1 MPH)
Batting: RHB Jon Shonka 0-0: Foul Ball, location: 2F
0-1: Ground out 5-3 (Groundball, 56, EV 94.4 MPH)
Batting: RHB Nick Julien 0-0: Foul Ball, location: 2F
0-1: Called Strike
0-2: Ball
1-2: Ball
2-2: Strikes out looking
Top of the 1st over - 0 runs, 0 hits, 0 errors, 0 left on base; Lexington 0 - Greenville 0
BOTTOM OF THE 1ST
Greenville Drive batting - Pitching for Lexington Legends : RHP Luis Diaz
Pitching: RHP Luis Diaz
Batting: LHB John Buff 0-0: Ball
1-0: Ball
2-0: Ball
3-0: Called Strike
3-1: Base on Balls
Batting: LHB Carlos Guerra 0-0: Called Strike
0-1: Ball
John Buff steals 2nd base
1-1: Ball
2-1: Foul Ball, location: 2F
2-2: SINGLE (Groundball, 4M, EV 85.6 MPH) (infield hit)
John Buff to third
Batting: LHB Eddie Contreras 0-0: Fly out, F8 (Flyball, 78M, EV 86.9 MPH)
Runner from 3rd tags up, OUT at HOME! 8-2
Carlos Guerra to second
Batting: RHB Jim Hubbard 0-0: Ball
1-0: Ball
2-0: Foul Ball, location: 2F
2-1: Swinging Strike
2-2: Ball
3-2: 2-RUN HOME RUN (Line Drive, 7D, EV 110.6 MPH), Distance : 427 ft
Batting: SHB Robert Soto 0-0: Ball
1-0: Foul Ball, location: 2F
1-1: Ball
2-1: Ball
3-1: Fly out, F6 (Popup, 6MS, EV 66.9 MPH)
Bottom of the 1st over - 2 runs, 2 hits, 0 errors, 0 left on base; Lexington 0 - Greenville 2
TOP OF THE 2ND
Lexington Legends batting - Pitching for Greenville Drive : RHP Teruhiko Ushijima
Batting: SHB Bill Ertl 0-0: Called Strike
0-1: Swinging Strike
0-2: Ball
1-2: Foul Ball, location: 2F
1-2: Ball
2-2: Strikes out swinging
Batting: LHB Bobby Gonzalez 0-0: Foul Ball, location: 2F
0-1: Ball
1-1: Ground out 4-3 (Groundball, 34, EV 84.4 MPH)
Batting: RHB Justin Goff 0-0: Ground out 6-3 (Groundball, 56D, EV 109.4 MPH)
Top of the 2nd over - 0 runs, 0 hits, 0 errors, 0 left on base; Lexington 0 - Greenville 2
BOTTOM OF THE 2ND
Greenville Drive batting - Pitching for Lexington Legends : RHP Luis Diaz
Batting: LHB Danny Montoya 0-0: Swinging Strike
0-1: Ball
1-1: Ground out 4-3 (Groundball, 4, EV 83.1 MPH)
Batting: RHB Tony Nunez 0-0: Ball
1-0: Ball
2-0: TRIPLE (Flyball, 89XD, EV 95.0 MPH)
Batting: RHB Bobby Schimke 0-0: 2-RUN HOME RUN (Flyball, 8RXD, EV 106.9 MPH), Distance : 421 ft
Batting: RHB Roger Mitchell 0-0: Ball
1-0: Foul Ball, location: 2F
1-1: Ball
2-1: Ground out 3-1 (Groundball, 34S, EV 91.2 MPH)
Batting: LHB John Buff 0-0: Swinging Strike
0-1: Ball
1-1: Ball
2-1: Ball
3-1: Called Strike
3-2: Foul Ball, location: 2F
3-2: Base on Balls
Pitching: RHP Alex Sanders
Batting: LHB Carlos Guerra 0-0: Ball
1-0: Ball
2-0: Ball
3-0: Base on Balls
John Buff to second
Batting: LHB Eddie Contreras 0-0: Swinging Strike
0-1: Ball
1-1: Foul Ball, location: 2F
1-2: Ball
2-2: Strikes out swinging
Bottom of the 2nd over - 2 runs, 2 hits, 0 errors, 2 left on base; Lexington 0 - Greenville 4
TOP OF THE 3RD
Lexington Legends batting - Pitching for Greenville Drive : RHP Teruhiko Ushijima
Batting: LHB Josh Dalton 0-0: Swinging Strike
0-1: Swinging Strike
0-2: Ball
1-2: Ball
2-2: Strikes out swinging
Batting: RHB Vance Coen 0-0: Ball
1-0: Ball
2-0: Foul Ball, location: 2F
2-1: Foul Ball, location: 2F
2-2: Strikes out swinging
Batting: RHB Carlos Santoni 0-0: Ball
1-0: Foul Ball, location: 2F
1-1: Ball
2-1: Called Strike
2-2: Foul Ball, location: 2F
2-2: Strikes out swinging
Top of the 3rd over - 0 runs, 0 hits, 0 errors, 0 left on base; Lexington 0 - Greenville 4
BOTTOM OF THE 3RD
Greenville Drive batting - Pitching for Lexington Legends : RHP Alex Sanders
Batting: RHB Jim Hubbard 0-0: Called Strike
0-1: Swinging Strike
0-2: Strikes out swinging
Batting: SHB Robert Soto 0-0: Called Strike
0-1: Called Strike
0-2: Fly out, F7 (Flyball, 7D, EV 78.1 MPH)
Batting: LHB Danny Montoya 0-0: Ball
1-0: Ball
2-0: Foul Ball, location: 2F
2-1: Fly out, F5 (Line Drive, 5L, EV 70.0 MPH)
Bottom of the 3rd over - 0 runs, 0 hits, 0 errors, 0 left on base; Lexington 0 - Greenville 4
TOP OF THE 4TH
Lexington Legends batting - Pitching for Greenville Drive : RHP Teruhiko Ushijima
Batting: RHB Chad Sullivan 0-0: Called Strike
0-1: Called Strike
0-2: Foul Ball, location: 2F
0-2: Foul Ball, location: 2F
0-2: Foul Ball, location: 2F
0-2: Ball
1-2: SINGLE (Line Drive, 3D, EV 107.5 MPH)
Batting: RHB Jon Shonka 0-0: Called Strike
0-1: Ball
Chad Sullivan steals 2nd base (no throw)
1-1: Fly out, F8 (Flyball, 89M, EV 93.1 MPH)
Runner from 2nd tags up, SAFE at 3rd with throw by CF
Batting: RHB Nick Julien 0-0: Ball
1-0: Called Strike
1-1: Ball
2-1: Ball
3-1: Called Strike
3-2: Foul Ball, location: 2F
3-2: Foul Ball, location: 2F
3-2: Strikes out swinging
Batting: SHB Bill Ertl 0-0: Called Strike
0-1: Swinging Strike
0-2: Strikes out swinging
Top of the 4th over - 0 runs, 1 hit, 0 errors, 1 left on base; Lexington 0 - Greenville 4
BOTTOM OF THE 4TH
Greenville Drive batting - Pitching for Lexington Legends : RHP Alex Sanders
Pitching: RHP Gary Ackerman
Batting: RHB Tony Nunez 0-0: Called Strike
0-1: Ball
1-1: Foul Ball, location: 2F
1-2: Strikes out swinging
Batting: RHB Bobby Schimke 0-0: Ball
1-0: Foul Ball, location: 2F
1-1: Swinging Strike
1-2: Ball
2-2: TRIPLE (Flyball, 9LD, EV 94.4 MPH)
Batting: RHB Roger Mitchell 0-0: Fly out, F7 (Flyball, 78M, EV 96.2 MPH)
Batting: LHB John Buff 0-0: Ball
1-0: Ball
2-0: Swinging Strike
2-1: SINGLE (Groundball, 34D, EV 108.1 MPH)
Bobby Schimke scores
Batting: LHB Carlos Guerra 0-0: Called Strike
0-1: Swinging Strike
0-2: Ball
John Buff steals 2nd base (no throw)
1-2: Ball
2-2: Foul Ball, location: 2F
2-2: Ball
3-2: Base on Balls
Pitching: RHP Tony Jimenez
Batting: LHB Eddie Contreras 0-0: Foul Ball, location: 2F
0-1: Foul Ball, location: 2F
0-2: Strikes out swinging
Bottom of the 4th over - 1 run, 2 hits, 0 errors, 2 left on base; Lexington 0 - Greenville 5
TOP OF THE 5TH
Lexington Legends batting - Pitching for Greenville Drive : RHP Teruhiko Ushijima
Batting: LHB Bobby Gonzalez 0-0: Ball
1-0: Foul Ball, location: 2F
1-1: Swinging Strike
1-2: Ball
2-2: DOUBLE (Flyball, 78D, EV 99.4 MPH)
Batting: RHB Justin Goff 0-0: Ball
1-0: Ground out 6-3 (Groundball, 6, EV 81.2 MPH)
Bobby Gonzalez to third
Batting: LHB Josh Dalton 0-0: Ball
1-0: Called Strike
1-1: Foul Ball, location: 2F
1-2: SINGLE (Line Drive, 34D, EV 94.4 MPH)
Bobby Gonzalez scores
Batting: RHB Vance Coen 0-0: Grounds into double play, 4-6-3 (Groundball, 34, EV 105.0 MPH)
Top of the 5th over - 1 run, 2 hits, 0 errors, 0 left on base; Lexington 1 - Greenville 5
BOTTOM OF THE 5TH
Greenville Drive batting - Pitching for Lexington Legends : RHP Tony Jimenez
Batting: RHB Jim Hubbard 0-0: Ball
1-0: Ball
2-0: Ball
3-0: Called Strike
3-1: Base on Balls
Batting: SHB Robert Soto 0-0: Called Strike
0-1: Ball
1-1: Ball
2-1: Foul Ball, location: 2F
2-2: Ball
3-2: Foul Ball, location: 2F
3-2: Ground out 4-3 (Groundball, 4, EV 91.9 MPH)
Jim Hubbard to second
Batting: LHB Danny Montoya 0-0: Called Strike
0-1: Ball
1-1: Ball
2-1: DOUBLE (Line Drive, 9LM, EV 90.6 MPH)
Jim Hubbard scores
Pitching: LHP Tyler Abraham
Batting: RHB Tony Nunez 0-0: SINGLE (Groundball, 25, EV 61.9 MPH) (infield hit)
Danny Montoya to third
Batting: RHB Bobby Schimke 0-0: Ball
1-0: Swinging Strike
1-1: SINGLE (Line Drive, 9S, EV 108.1 MPH)
Danny Montoya scores
Tony Nunez to second
Batting: RHB Roger Mitchell 0-0: Fly out, F3 (Popup, 3S, EV 70.0 MPH)
Batting: LHB John Buff 0-0: Foul Ball, location: 2F
0-1: Ball
1-1: Foul Ball, location: 2F
1-2: Strikes out swinging
Bottom of the 5th over - 2 runs, 3 hits, 0 errors, 2 left on base; Lexington 1 - Greenville 7
TOP OF THE 6TH
Lexington Legends batting - Pitching for Greenville Drive : RHP Teruhiko Ushijima
Batting: RHB Carlos Santoni 0-0: Ball
1-0: Ball
2-0: SINGLE (Groundball, 6M, EV 91.2 MPH) (infield hit)
Batting: RHB Chad Sullivan 0-0: Called Strike
0-1: Foul Ball, location: 2F
0-2: Fielders Choice at 2nd, 5-4 (Groundball, 56, EV 100.0 MPH)
Batting: RHB Jon Shonka Pickoff Throw to First - Out! 1-3
0-0: Ball
1-0: Ball
2-0: Ball
3-0: Base on Balls
Batting: RHB Nick Julien 0-0: Called Strike
Jon Shonka steals 2nd base (no throw)
0-1: Ball
1-1: Ball
2-1: Ball
3-1: Called Strike
3-2: Foul Ball, location: 2F
3-2: Foul Ball, location: 2F
3-2: Base on Balls
Batting: SHB Bill Ertl 0-0: Called Strike
0-1: SINGLE (Groundball, 4MD, EV 98.1 MPH)
Jon Shonka to third
Nick Julien to second
Runner from 3rd tries for Home, throw by CF and OUT! 8-2
Top of the 6th over - 0 runs, 2 hits, 0 errors, 2 left on base; Lexington 1 - Greenville 7
BOTTOM OF THE 6TH
Greenville Drive batting - Pitching for Lexington Legends : LHP Tyler Abraham
Batting: LHB Carlos Guerra 0-0: Called Strike
0-1: Foul Ball, location: 2F
0-2: Ball
1-2: Foul Ball, location: 2F
1-2: Strikes out swinging
Batting: LHB Eddie Contreras 0-0: Foul Ball, location: 2F
0-1: Swinging Strike
0-2: Foul Ball, location: 2F
0-2: Strikes out swinging
Pitching: RHP Kolenka Leschenya
Batting: RHB Jim Hubbard 0-0: Ball
1-0: Ball
2-0: Called Strike
2-1: Foul Ball, location: 2F
2-2: Ball
3-2: Foul Ball, location: 2F
3-2: Base on Balls
Batting: SHB Robert Soto 0-0: Ball
1-0: Ball
2-0: Called Strike
2-1: Ball
3-1: Fly out, F8 (Flyball, 8RM, EV 80.6 MPH)
Bottom of the 6th over - 0 runs, 0 hits, 0 errors, 1 left on base; Lexington 1 - Greenville 7
TOP OF THE 7TH
Lexington Legends batting - Pitching for Greenville Drive : RHP Teruhiko Ushijima
Batting: LHB Bobby Gonzalez 0-0: Ball
1-0: SINGLE (Groundball, 4MD, EV 103.8 MPH)
Batting: RHB Justin Goff 0-0: Ball
Bobby Gonzalez is caught stealing 2nd base 2-4
1-0: Foul Ball, location: 2F
1-1: Ball
2-1: Fly out, F9 (Line Drive, 9S, EV 96.2 MPH)
Batting: LHB Josh Dalton 0-0: Ball
1-0: Ball
2-0: Called Strike
2-1: Ball
3-1: SINGLE (Groundball, 4MS, EV 68.8 MPH) (infield hit)
Pitching: RHP Jon Olivo
Batting: RHB Vance Coen 0-0: Ball
1-0: Called Strike
1-1: Fielders Choice at 2nd, 5-4 (Groundball, 56, EV 85.6 MPH)
Top of the 7th over - 0 runs, 2 hits, 0 errors, 1 left on base; Lexington 1 - Greenville 7
BOTTOM OF THE 7TH
Greenville Drive batting - Pitching for Lexington Legends : RHP Kolenka Leschenya
Batting: LHB Danny Montoya 0-0: SINGLE (Groundball, 4D, EV 111.2 MPH)
Batting: RHB Tony Nunez 0-0: Called Strike
0-1: Ball
1-1: Ball
2-1: Ball
3-1: Base on Balls
Danny Montoya to second
Pitching: RHP Greg Sell
Batting: RHB Bobby Schimke 0-0: Called Strike
0-1: Ball
1-1: SINGLE (Groundball, 56S, EV 66.2 MPH) (infield hit)
Danny Montoya to third
Tony Nunez to second
Batting: RHB Roger Mitchell 0-0: Grounds into double play, 5-4-3 (Groundball, 56S, EV 75.6 MPH)
Danny Montoya scores
Tony Nunez to third
Batting: LHB John Buff 0-0: Ball
1-0: Foul Ball, location: 2F
1-1: Foul Ball, location: 2F
1-2: Ground out 4-3 (Groundball, 4M, EV 108.1 MPH)
Bottom of the 7th over - 1 run, 2 hits, 0 errors, 1 left on base; Lexington 1 - Greenville 8
TOP OF THE 8TH
Lexington Legends batting - Pitching for Greenville Drive : RHP Jon Olivo
Batting: RHB Carlos Santoni 0-0: Called Strike
0-1: Foul Ball, location: 2F
0-2: Ball
1-2: SINGLE (Groundball, 56S, EV 70.6 MPH) (infield hit)
Batting: RHB Chad Sullivan 0-0: Ground out 6-3 (Groundball, 6S, EV 62.5 MPH)
Carlos Santoni to second
Pinch Hitting: SHB Adrian Orosco 0-0: Swinging Strike
0-1: Swinging Strike
0-2: Fly out, F7 (Flyball, 7, EV 89.4 MPH)
Batting: RHB Nick Julien 0-0: 2-RUN HOME RUN (Flyball, 78XD, EV 104.4 MPH), Distance : 403 ft
Batting: SHB Bill Ertl 0-0: Called Strike
0-1: Ball
1-1: Foul Ball, location: 2F
1-2: Ground out 4-3 (Groundball, 4D, EV 98.8 MPH)
Top of the 8th over - 2 runs, 2 hits, 0 errors, 0 left on base; Lexington 3 - Greenville 8
BOTTOM OF THE 8TH
Greenville Drive batting - Pitching for Lexington Legends : RHP Greg Sell
Now at 1B: Adrian Orosco
Batting: LHB Carlos Guerra 0-0: Ball
1-0: Swinging Strike
1-1: Foul Ball, location: 2F
1-2: Strikes out swinging
Batting: LHB Eddie Contreras 0-0: Swinging Strike
0-1: Swinging Strike
0-2: Ball
1-2: SINGLE (Line Drive, 4D, EV 95.0 MPH)
Batting: RHB Jim Hubbard 0-0: Ball
1-0: Foul Ball, location: 2F
1-1: Ball
2-1: Called Strike
2-2: SINGLE (Groundball, 4MD, EV 104.4 MPH) (infield hit)
Eddie Contreras to second
Pitching: LHP Butch Ott
Batting: SHB Robert Soto 0-0: Called Strike
0-1: Swinging Strike
0-2: Foul Ball, location: 2F
0-2: Ball
1-2: Ball
2-2: Foul Ball, location: 2F
2-2: Ball
3-2: Fly out, F9 (Flyball, 9S, EV 80.0 MPH)
Batting: LHB Danny Montoya 0-0: Ball
1-0: Foul Ball, location: 2F
1-1: Ball
2-1: Swinging Strike
2-2: Ball
3-2: SINGLE (Groundball, 34S, EV 65.0 MPH) (infield hit)
Eddie Contreras to third
Jim Hubbard to second
Batting: RHB Tony Nunez 0-0: Foul Ball, location: 2F
0-1: Ball
1-1: Foul Ball, location: 2F
1-2: Strikes out swinging
Bottom of the 8th over - 0 runs, 3 hits, 0 errors, 3 left on base; Lexington 3 - Greenville 8
TOP OF THE 9TH
Lexington Legends batting - Pitching for Greenville Drive : RHP Jon Olivo
Batting: LHB Bobby Gonzalez 0-0: Called Strike
0-1: DOUBLE (Line Drive, 89D, EV 105.6 MPH)
Batting: RHB Justin Goff 0-0: Ball
1-0: Ball
2-0: Called Strike
2-1: Ground out 5-3 (Groundball, 5, EV 86.9 MPH)
Batting: LHB Josh Dalton 0-0: Ball
1-0: Foul Ball, location: 2F
1-1: Swinging Strike
1-2: Strikes out looking
Batting: RHB Vance Coen 0-0: Ball
1-0: Ball
2-0: Foul Ball, location: 2F
2-1: Ball
3-1: SINGLE (Flyball, 56D, EV 91.9 MPH)
Bobby Gonzalez to third
Batting: RHB Carlos Santoni 0-0: Ball
1-0: Fielders Choice at 2nd, 5-4 (Groundball, 5, EV 107.5 MPH)
Top of the 9th over - 0 runs, 2 hits, 0 errors, 2 left on base; Lexington 3 - Greenville 8
Tuesday, March 28th , 2023 - OOTP Baseball 23.10 Build 110